Unix NetHack Version 5.0.0-0 post-release - last build May 31 2026 23:59:36 (970b52f25bf058293b47ddfd14a1e40e571c508c,branch:main).

Game began 2026-06-01 05:56:57, ended 2026-06-01 06:16:45.

Kumikeijo, lawful female dwarven Valkyrie

                                 .u-
                               ---@.
                               |....
                               |.<..
                               ---.-
                                 ---
Kumikeijo the Skirmisher    St:18/03 Dx:10 Co:15 In:10 Wi:10 Ch:9  Lawful
Dlvl:6  $:108 HP:0(26) Pw:7(7) AC:6  Xp:3 T:2066 

Latest messages:
 You see here a jackal corpse.
 There is a jackal corpse here; eat it? [ynq] (n) y
 This jackal corpse is stringy.
 You finish eating the jackal corpse.
 The iguana bites!
 You kill the iguana!
 That door is closed.
 You descend the stairs.
 Please move the cursor to a monster, object or location.
 (For instructions type a '?')
 Done.
 Please move the cursor to a monster, object or location.
 (For instructions type a '?')
 Suddenly, the gnome lord falls through a trap door.
 You swap places with the peaceful gnome.
 You hear a jackal howling at the moon.
 You hear a jackal howling at the moon.
 You descend the stairs.
 You see here a scale mail.
 A - a scale mail.
 You descend the stairs.
 The pony kicks!
 The pony bites!
 You hit the pony!
 The pony misses!
 The pony bites!
 You miss the pony.
 The pony kicks!
 The pony misses!
 The pony kicks!
 The pony bites!
 You miss the pony.
 The pony kicks!
 The pony just misses!
 What do you want to write with? [- abfgsy or ?*] /
 You don't have that object.
 What do you want to write with? [- abfgsy or ?*] E
 You don't have that object.
 What do you want to write with? [- abfgsy or ?*] <space>
 Never mind.
 What do you want to write with? [- abfgsy or ?*] -
 You write in the dust with your fingertip.
 What do you want to write in the dust here? Elbereth
 The pony kicks!
 You die...
 Do you want your possessions identified? [ynq] (y) y
 Do you want to see your attributes? [ynq] (y) y
 Do you want an account of creatures vanquished? [ynaq] (y) y
 Do you want to see your conduct and achievements? [ynq] (y) y
 Do you want to see the dungeon overview? [ynq] (y) y

Inventory:
 Coins    ('$')
  $ - 108 gold pieces
 Amulets  ('"')
  x - an uncursed amulet of magical breathing
 Weapons  (')')
  s - a cursed +0 boomerang
  b - a +0 dagger (at the ready)
  a - a +1 dwarvish spear (weapon in right hand)
  y - a +0 long sword
 Armor    ('[')
  c - an uncursed +3 small shield (being worn)
  A - a blessed +1 scale mail
 Comestibles  ('%')
  n - an uncursed eucalyptus leaf
  d - 2 uncursed food rations
  m - an uncursed tin of spinach
  w - an uncursed partly eaten lichen corpse
  z - an uncursed lichen corpse
 Scrolls  ('?')
  l - 2 uncursed scrolls of enchant armor
  v - an uncursed scroll of identify
  e - a blessed scroll of magic mapping
  o - an uncursed scroll of magic mapping
  p - an uncursed scroll of remove curse
 Spellbooks  ('+')
  q - an uncursed spellbook of identify
  j - an uncursed spellbook of knock
 Potions  ('!')
  k - an uncursed potion of extra healing
  h - an uncursed potion of healing
 Tools    ('(')
  u - a cursed magic lamp
  t - a cursed tallow candle
 Gems/Stones  ('*')
  g - an uncursed opal
  f - 2 uncursed worthless pieces of blue glass

Kumikeijo the Valkyrie's attributes:

Background:
 You were a Skirmisher, a level 3 dwarven Valkyrie.
 You were lawful, nominally on a mission for Tyr
 who was opposed by Odin (neutral) and Loki (chaotic).
 You were right-handed.
 You were in the Gnomish Mines, on level 6.
 You entered the dungeon 2066 turns ago.
 There was a full moon in effect when your adventure ended.
 You had 78 experience points, 2 more were needed to attain level 4.

Basics:
 You had 0 out of 26 hit points.
 You had all 7 energy points (spell power).
 Your armor class was 6.
 Your wallet contained 108 zorkmids.
 Autopickup was off.

Final Characteristics:
 Your strength was 18/03 (limit:18/100).
 Your dexterity was 10 (limit:20).
 Your constitution was 15 (limit:20).
 Your intelligence was 10 (limit:16).
 Your wisdom was 10 (limit:16).
 Your charisma was 9 (limit:16).

Final Status:
 You weren't hungry.
 You were unencumbered.
 You were wielding a spear.
 You had basic skill with spear.

Final Attributes:
 You were devoutly aligned.
 You were cold resistant.
 You had infravision.
 You were stealthy.
 You were lucky.
 You are dead.

Miscellaneous:
 You didn't encounter any bones levels.
 Total elapsed playing time was 19 minutes and 47 seconds.

Major events:
 Turn
    1: Kumikeijo the lawful dwarven Valkyrie entered the dungeon
  838: entered the Gnomish Mines
 1433: attained the rank of Skirmisher (level 3)
 2066: killed by a pony

You didn't know any spells.

Skills:
 Fighting Skills
   bare handed combat [Unskilled]
   two weapon combat  [Unskilled]
   riding             [Unskilled]
 Weapon Skills
   dagger             [Basic]
   axe                [Unskilled]
   pick-axe           [Unskilled]
   short sword        [Unskilled]
   broadsword         [Unskilled]
   long sword         [Unskilled]
   two-handed sword   [Unskilled]
   saber              [Unskilled]
   hammer             [Unskilled]
   quarterstaff       [Unskilled]
   polearms           [Unskilled]
   spear              [Basic]
   trident            [Unskilled]
   lance              [Unskilled]
   sling              [Unskilled]
 Spellcasting Skills
   attack spells      [Unskilled]
   escape spells      [Unskilled]

Voluntary challenges:
 Character rerolling was not enabled.
 You were an atheist.
 You never genocided any monsters.
 You never polymorphed an object.
 You never changed form.
 You used no wishes.
Achievements:
 You entered the Gnomish Mines.
 You attained the rank of Skirmisher.

 The Dungeons of Doom: levels 1 to 5
    Level 1:
       A fountain.
    Level 2:
       A fountain, a grave.
    Level 3: "vault"
       Stairs down to The Gnomish Mines.
    Level 4:
       A fountain.
    Level 5:
 The Gnomish Mines: levels 4 to 6
    Level 4:
    Level 5:
    Level 6: <- You were here.
       Final resting place for
          you, killed by a pony.


Vanquished creatures:
  a shrieker
  a little dog
  a floating eye
 an orc zombie
 an iguana
 an acid blob
  a gnome
  a gecko
  6 jackals
  a fox
  2 sewer rats
  a grid bug
  5 lichens
  4 kobold zombies
  7 newts
34 creatures vanquished.

No species were genocided or became extinct.

Game over:
                       ----------
                      /          \
                     /    REST    \
                    /      IN      \
                   /     PEACE      \
                  /                  \
                  |    Kumikeijo     |
                  |      108 Au      |
                  | killed by a pony |
                  |                  |
                  |                  |
                  |                  |
                  |       2026       |
                 *|     *  *  *      | *
        _________)/\\_//(\/(/\)/\//\/|_)_______

Farvel Kumikeijo the Valkyrie...

You died in The Gnomish Mines on dungeon level 6 with 660 points,
and 108 pieces of gold, after 2066 moves.
You were level 3 with a maximum of 26 hit points when you died.

